cohdb
Replays
Latest Replays
All Replays
Popular Replays
Top Player Replays
Match Explorer
How It Works
Community
CoH3 Stats
Reddit
Sign in to upload your games and track your stats! →
Sign in with Steam
Match 46449553
Unlisted
Match 46449553
Overview
Messages
Build Orders
End
Kettenkrad Recon Vehicle
Construct Infanterie Kompanie
MG 42 Machine Gun Team
Selects Breakthrough Battlegroup
Selects Assault Grenadiers
GrW 34 Mortar Team
Grenadier Squad
Medical Station
Construct Panzergrenadier Kompanie
Panzergrenadier Squad
MG 42 Machine Gun Team
Support Elements
StuG III G Assault Gun
Selects Rapid Production
Grenadier Squad
Nebelwerfer 42 Rocket Launcher Team
StuG III G Assault Gun
Panzergrenadier Squad
MG 42 Bunker
MG 42 Bunker
Panzergrenadier Squad
StuG III G Assault Gun
MG 42 Bunker
Selects Blitzkrieg
StuG III G Assault Gun
Nebelwerfer 42 Rocket Launcher Team
KING
HaoMingMo
不满意来打我啊
Don Pitudo
76561199424140833
준우아빠
0
0
Comments
sign in to comment!
No comments posted yet!